 Dungeon Crawl Stone Soup version 0.27.1-4-g1640c2035a (webtiles) character file.

Game seed: 1707731475308289863

309 Stomo444 the Skirmisher (level 6, 20/47 HPs)
             Began as a Draconian Monk on Nov 10, 2021.
             Was a Believer of Kikubaaqudgha.
             Quit the game on level 4 of the Dungeon.
             The game lasted 00:04:19 (3592 turns).

Stomo444 the Skirmisher (Draconian Monk)            Turns: 3592, Time: 00:04:20

Health: 20/47      AC:  8    Str: 15    XL:     6   Next: 17%
Magic:  7/7        EV: 13    Int: 11    God:    Kikubaaqudgha [**....]
Gold:   131        SH:  0    Dex: 13    Spells: 8/8 levels left

rFire    + . .     SeeInvis .   a - +0 mace
rCold    + . .     Faith    .   (no shield)
rNeg     . . .     Spirit   .   (armour unavailable)
rPois    .         Reflect  .   (helmet restricted)
rElec    .         Harm     .   (no cloak)
rCorr    .         Rampage  .   i - +0 pair of gloves
Will     .....                  b - +0 pair of boots
Stlth    ++........             (no amulet)
HPRegen  0.15/turn              r - ring of protection from fire
MPRegen  0.10/turn              o - ring of protection from cold

@: on berserk cooldown
A: AC +6, unfitting armour, cold-blooded, frail 1, low mp 1
a: Renounce Religion, Receive Corpses


You were on level 4 of the Dungeon.
You worshipped Kikubaaqudgha.
Kikubaaqudgha was pleased with you.
You visited 2 branches of the dungeon, and saw 5 of its levels.

You collected 131 gold pieces.

Inventory:

Hand Weapons
 a - a +0 mace (weapon)
Armour
 b - a +0 pair of boots (worn)
 i - a +0 pair of gloves (worn)
Jewellery
 f - a ring of ice
 o - a ring of protection from cold (right hand)
 r - a ring of protection from fire (left hand)
Wands
 h - a wand of flame (19)
Scrolls
 d - 3 scrolls of identify {unknown}
 e - 2 scrolls of enchant weapon {unknown}
 j - a scroll of enchant armour {unknown}
 l - a scroll of summoning {unknown}
 n - 2 scrolls of magic mapping {unknown}
 p - a scroll of teleportation {unknown}
 v - a scroll of fog {unknown}
 w - a scroll of amnesia {unknown}
Potions
 c - a potion of magic
 u - a potion of cancellation {unknown}


   Skills:
 - Level 4.5 Fighting
 - Level 4.1 Maces & Flails
 - Level 3.7 Dodging
 - Level 1.7 Stealth
 + Level 1.7 Spellcasting
 * Level 2.9 Necromancy


You had 8 spell levels left.
You didn't know any spells.
Your spell library contained the following spells:

 Spells                   Type           Power      Damage    Failure   Level
 Animate Skeleton         Necr           14%        N/A       9%          1
 Pain                     Necr           28%        1d5       9%          1
 Sublimation of Blood     Necr           3%         N/A       14%         2
 Vampiric Draining        Necr           3%         2d6       26%         3
 Fireball                 Conj/Fire      0%         3d3       100%        5
 Iskenderun's Battlesphe  Conj           0%         2d6       100%        5
 Conjure Ball Lightning   Conj/Air       0%         3x3d6     100%        6
 Orb of Destruction       Conj           0%         N/A       100%        7


Dungeon Overview and Level Annotations

Branches:
Dungeon (4/15)             Temple (1/1) D:4

Altars:
Ashenzari
Cheibriados
Fedhas
Hepliaklqana
Kikubaaqudgha
Makhleb
Okawaru
Qazlal
Sif Muna
Trog
Uskayaw
Vehumet
Wu Jian
Xom
Zin
The Shining One

Annotations:
D:2 1 runed translucent door, Crazy Yiuf


Innate Abilities, Weirdness & Mutations

Your plain brown scales are hard. (AC +6)
You cannot fit into any form of body armour.
You are cold-blooded and may be slowed by cold attacks.
You are frail. (-10% HP)
Your magical capacity is low. (-10% MP)


Message History

The ogre is almost dead.
The ogre hits you with a +0 giant spiked club!!
Ouch! That really hurt!
You are too injured to fight recklessly!
You are too injured to fight recklessly!
You are too injured to fight recklessly!
You are too injured to fight recklessly!
You are too injured to fight recklessly!
You are too injured to fight recklessly!
You are too injured to fight recklessly!
You are too injured to fight recklessly!
You are too injured to fight recklessly!
You are too injured to fight recklessly!
You are too injured to fight recklessly!
You are too injured to fight recklessly!
You are too injured to fight recklessly!
You are too injured to fight recklessly!
You are too injured to fight recklessly!
You are too injured to fight recklessly!
You are too injured to fight recklessly!
You are too injured to fight recklessly!
You are too injured to fight recklessly!
You are too injured to fight recklessly!
You are too injured to fight recklessly!
You are too injured to fight recklessly!
An ogre is nearby!
You are too injured to fight recklessly!
Unknown command.
You hit the ogre.
You kill the ogre!
Kikubaaqudgha accepts your kill.
You have reached level 6!
Your experience leads to an increase in your attributes!
Increase (S)trength, (I)ntelligence, or (D)exterity?
You feel stronger.
Your scales feel tougher.
Are you sure you want to abandon this character and quit the game? (Confirm with "yes".)
Okay, then.
Unknown command.
Unknown command.
Are you sure you want to abandon this character and quit the game? (Confirm with "yes".)

##.#..b#..
..#######.≈##.#≈..#..
.≈#.....#≈≈ #.#.b.#..
≈≈#.....#≈ .#####.. .
≈#.....# #.#.###
..####.....## #.#.#
..)......... #.|.###
..$...)##.########......
.......@................
.......########.......##
....... #.......##
####### #.......#≈
#.......# #######.##
#... ####


There were no monsters in sight!

Vanquished Creatures
  2 ogres (D:4)
  A bullfrog zombie (D:3)
  Jessica (D:2)
  An adder (D:4)
  2 worms (D:3)
  6 endoplasms
  2 giant cockroaches (D:1)
  9 goblins
  9 hobgoblins
  4 jackals (D:2)
  4 kobolds
  A quokka (D:1)
  6 ball pythons
  6 bats
  4 frilled lizards
  6 rats
64 creatures vanquished.

Vanquished Creatures (others)
  14 fungi (D:4)
14 creatures vanquished.

Grand Total: 78 creatures vanquished

Notes
Turn   | Place    | Note
-------+----------+-------------------------------------------
     0 | D:1      | Stomo444 the Draconian Monk began the quest for the Orb.
     0 | D:1      | Reached XP level 1. HP: 19/19 MP: 1/1
     1 | D:1      | Found a stormy altar of Qazlal.
   253 | D:1      | Reached XP level 2. HP: 26/26 MP: 2/2
   427 | D:1      | You fall into a shaft and drop 1 floor!
   445 | D:2      | Noticed Jessica
   471 | D:2      | Killed Jessica
   472 | D:2      | Reached XP level 3. HP: 9/33 MP: 3/3
   684 | D:2      | Found a faded altar of an unknown god.
  1123 | D:2      | Found a runed translucent door.
  1124 | D:2      | Noticed Crazy Yiuf
  1552 | D:1      | Reached XP level 4. HP: 40/40 MP: 4/4
  2839 | D:4      | Noticed an ogre
  2944 | D:4      | Noticed an ogre
  3045 | D:4      | Reached XP level 5. HP: 47/47 MP: 5/5
  3072 | D:4      | Found a staircase to the Ecumenical Temple.
  3082 | Temple   | Entered the Ecumenical Temple
  3208 | Temple   | Became a worshipper of Kikubaaqudgha
  3208 | Temple   | Reached * piety under Kikubaaqudgha
  3208 | Temple   | Received a gift from Kikubaaqudgha
  3208 | Temple   | Reached ** piety under Kikubaaqudgha
  3536 | D:4      | Gained mutation: Your magical capacity is low. (-10% MP)
                  | [potion of mutation]
  3536 | D:4      | Gained mutation: You are frail. (-10% HP) [potion of
                  | mutation]
  3545 | D:4      | Killed an ogre
  3546 | D:4      | Reached skill level 1 in Spellcasting
  3591 | D:4      | Killed an ogre
  3592 | D:4      | Reached XP level 6. HP: 20/47 MP: 7/7
  3592 | D:4      | Quit the game

Illustrated notes

Levels and vault maps discovered:
D:1:      sevenhm_arrival_forest_fort_small_6, layout_basic, minmay_box_of_dots
D:2:      layout_loops_ring, ebering_ecumenical_altar_box, uniq_jessica,
          uniq_crazy_yiuf_cottage
D:3:      layout_loops_ring
D:4:      layout_rooms, minmay_temple_entry_trees, serial_aquarium,
          aquarium_bridge_long_joined [aquarium_subvault_bridge,
          aquarium_subvault_bridge, aquarium_subvault_balcony,
          aquarium_subvault_wall, aquarium_subvault_window,
          aquarium_subvault_window], aquarium_bridge_square
          [aquarium_subvault_wall, aquarium_subvault_wall,
          aquarium_subvault_wall, aquarium_subvault_bridge], aquarium_window_1,
          aquarium_window_2, aquarium_window_fake, aquarium_window_double,
          aquarium_view_2c, aquarium_balcony_5b, aquarium_pool_split
Temple:   kb_temple_of_zot

Skill      XL: |  1  2  3  4  5 |
---------------+----------------+-----
Dodging        | 3 |  3.7
Fighting       | 4 |  4.5
Maces & Flails | 4 |  4.1
Spellcasting   | 1 |  1.7
Necromancy     | 2 |  2.9
Stealth        | |  1.7

Action                   |  1- 3 |  4- 6 || total
-------------------------+-------+-------++-------
Melee: Mace              |   114 |    98 ||   212
       Tailslap          |    14 |     9 ||    23
  Use: Potion            |       |     7 ||     7
 Stab: Sleeping          |     5 |     1 ||     6
       Distracted        |       |     1 ||     1
Armor: Skin              |    49 |    31 ||    80
Dodge: Dodged            |    79 |    67 ||   146
